cohdb
Replays
Latest Replays
All Replays
Popular Replays
Top Player Replays
Match Explorer
How It Works
Community
CoH3 Stats
Reddit
Sign in to upload your games and track your stats! →
Sign in with Steam
Match 40717464
Unlisted
Match 40717464
Overview
Messages
Build Orders
End
Construct Infanterie Kompanie
Pioneer Squad
Grenadier Squad
MG 42 Machine Gun Team
Grenadier Squad
Selects Terror Battlegroup
Selects Machine Gun Camouflage
Construct Panzergrenadier Kompanie
Forward Retreat Point
Support Elements
StuG III G Assault Gun
MG 42 Bunker
Nebelwerfer 42 Rocket Launcher Team
Forward Retreat Point
Panzergrenadier Officer Quarters
Nebelwerfer 42 Rocket Launcher Team
Selects No Quarter
Medical Bunker
Construct Panzer Kompanie
Selects Defend the Fatherland
Stoßtruppen Squad
Sturmpanzer IV Brummbär
MG 42 Bunker
Selects King Tiger Heavy Tank
King Tiger Heavy Tank
Pak 40 Anti-tank Gun Team
Selects Contempt for the Weak
[PD]Folscher
Apache
Vasilli Grozny
Manu
Wolfe
Carecup
water
AlexTheLie
0
0
Comments
sign in to comment!
No comments posted yet!